 Dungeon Crawl Stone Soup version 0.30.1-11-g7821555f0a (webtiles) character file.

Game seed: 13712890768217045887

410 bnorton916 the Conjurer (level 6, -1/32 HPs)
             Began as a Deep Elf Conjurer on Jan 6, 2024.
             Killed from afar by a white imp (6 damage)
             ... with a puff of frost
             ... on level 5 of the Dungeon.
             The game lasted 00:06:06 (4126 turns).

bnorton916 the Conjurer (Deep Elf Conjurer)         Turns: 4126, Time: 00:06:07

Health: -1/32      AC:  5    Str:  4    XL:     6   Next: 58%
Magic:  13/17      EV: 12    Int: 25    God:
Gold:   167        SH:  0    Dex: 13    Spells: 6/18 levels left

rFire   . . .        (no weapon)
rCold   . . .        (no shield)
rNeg    . . .        a - +0 robe
rPois   .            (no helmet)
rElec   .            x - +0 cloak
rCorr   .            t - +0 pair of gloves
SInv    .            i - +0 pair of boots
Will    .....        (no amulet)
Stlth   ++           (no ring)
HPRegen 0.25/turn    (no ring)
MPRegen 0.15/turn

%: no passive effects
@: no status effects
A: no striking features
a: no special abilities


You were on level 5 of the Dungeon.
You visited 1 branch of the dungeon, and saw 5 of its levels.
You also visited: Sewer.

You collected 167 gold pieces.

Inventory:

Missiles
 c - 2 javelins
 z - 7 poisoned darts
Armour
 a - a +0 robe (worn)
 i - a +0 pair of boots (worn)
 t - a +0 pair of gloves (worn)
 v - a +0 leather armour of fire resistance
 x - a +0 cloak (worn)
Scrolls
 d - a scroll of noise {unknown}
 f - a scroll of brand weapon {unknown}
 g - 2 scrolls of identify
 j - 3 scrolls of teleportation {unknown}
 p - a scroll of immolation {unknown}
 q - a scroll of acquirement {unknown}
 r - a scroll of enchant armour {unknown}
 y - a scroll of amnesia {unknown}
Potions
 b - a potion of magic
 e - a potion of cancellation {unknown}
 h - 4 potions of flight
 k - a potion of heal wounds {unknown}
 l - a potion of lignification {unknown}
 m - a potion of might {unknown}
 n - a potion of mutation {unknown}
 o - 2 potions of brilliance {unknown}
 s - 2 potions of invisibility {unknown}
 u - a potion of ambrosia {unknown}
 w - 4 potions of curing


   Skills:
 - Level 2.4 Dodging
 - Level 2.4 Stealth
 + Level 6.6 Spellcasting
 + Level 6.6 Conjurations
 + Level 2.0 Hexes
 + Level 1.5 Translocations


You had 6 spell levels left.
You knew the following spells:

 Your Spells              Type           Power      Damage    Failure   Level
a - Magic Dart            Conj           100%       1d8       1%          1
b - Searing Ray           Conj           82%        2d7       1%          2
c - Fulminant Prism       Conj/Hex       14%        3d8       12%         4
d - Iskenderun's Mystic   Conj/Tloc      28%        2d7       13%         4
e - Sandblast             Erth           16%        2d6       7%          1

Your spell library contained the following spells:

 Spells                   Type           Power      Damage    Failure   Level
 Dazzling Flash           Conj/Hex       58%        N/A       3%          3
 Stone Arrow              Conj/Erth      48%        3d10      5%          3
 Passwall                 Tmut/Erth      6%         N/A       11%         2


Dungeon Overview and Level Annotations

Branches:
Dungeon (5/15)              Sewer (visited)
 Temple: D:4-7

Altars:


Message History

Casting: Magic Dart (safe; 1% risk of failure)
Confirm with . or Enter, or press ? or * to list all spells.
Aiming: Magic Dart (safe; 1% risk of failure)
Press: ? - help, Shift-Dir - straight line, f - white imp
Aim: a white imp (asleep, 100% to hit)
The magic dart hits the white imp.
The white imp is lightly wounded.
The white imp gestures at you. The puff of frost hits you!
Casting: Magic Dart (safe; 1% risk of failure)
Confirm with . or Enter, or press ? or * to list all spells.
Aiming: Magic Dart (safe; 1% risk of failure)
Press: ? - help, Shift-Dir - straight line, f/p - white imp
Aim: a white imp (lightly wounded, 100% to hit)
The magic dart hits the white imp.
The white imp is moderately wounded.
The white imp gestures at you. The puff of frost hits you!
Casting: Magic Dart (safe; 1% risk of failure)
Confirm with . or Enter, or press ? or * to list all spells.
Aiming: Magic Dart (safe; 1% risk of failure)
Press: ? - help, Shift-Dir - straight line, f/p - white imp
Aim: a white imp (moderately wounded, 100% to hit)
The magic dart hits the white imp.
The white imp is severely wounded.
The white imp gestures at you. The puff of frost hits you.
Casting: Magic Dart (safe; 1% risk of failure)
Confirm with . or Enter, or press ? or * to list all spells.
Aiming: Magic Dart (safe; 1% risk of failure)
Press: ? - help, Shift-Dir - straight line, f/p - white imp
Aim: a white imp (severely wounded, 100% to hit)
The magic dart hits the white imp but does no damage.
The white imp is severely wounded.
The white imp gestures at you. The puff of frost hits you.
* * * LOW HITPOINT WARNING * * *
The white imp gestures at you. The puff of frost hits you.
You die...

# #.#####
....... .......
....$.. ###
.......######.#
.......@......#
.......######.##
....... #.<#
....... #..#
.....5. #..#
....... #..#
....##. #..#
.... ## ...#
##.#


You could see a white imp.

Vanquished Creatures
  A phantom (D:3)
  A kobold brigand (Sewer)
  2 jellies (D:2)
  Crazy Yiuf (D:3)
  An iguana (D:4)
  2 adders (D:2)
  2 river rats (Sewer)
  3 worms
  2 dart slugs
  3 orcs (D:3)
  4 ball pythons
  A bat (D:3)
  9 endoplasms
  3 giant cockroaches
  6 goblins
  7 hobgoblins
  9 jackals
  3 quokkas
  A frilled lizard (D:3)
  18 kobolds
  9 rats
88 creatures vanquished.

Vanquished Creatures (others)
  A fulminant prism (Sewer)
1 creature vanquished.

Grand Total: 89 creatures vanquished

Notes
Turn   | Place    | Note
-------+----------+-------------------------------------------
     0 | D:1      | bnorton916 the Deep Elf Conjurer began the quest for the
                  | Orb.
     0 | D:1      | Reached XP level 1. HP: 10/10 MP: 6/6
   292 | D:1      | Reached XP level 2. HP: 15/15 MP: 5/8
   729 | D:2      | Learned a level 2 spell: Searing Ray
   731 | D:2      | Learned a level 1 spell: Sandblast
   850 | D:2      | Reached skill level 5 in Conjurations
   850 | D:2      | Reached XP level 3. HP: 15/19 MP: 1/10
  1488 | D:2      | Reached XP level 4. HP: 24/24 MP: 9/12
  1599 | D:2      | Reached skill level 5 in Spellcasting
  1671 | D:2      | Learned a level 4 spell: Fulminant Prism
  1682 | D:2      | Learned a level 4 spell: Iskenderun's Mystic Blast
  1689 | D:3      | Noticed a phantom
  1698 | D:3      | Killed a phantom
  1699 | D:3      | Reached XP level 5. HP: 10/28 MP: 3/15
  2957 | D:3      | Found a runed translucent door.
  2958 | D:3      | Noticed Crazy Yiuf
  3158 | D:3      | Killed Crazy Yiuf
  3159 | D:3      | Reached XP level 6. HP: 32/32 MP: 13/17
  3271 | D:4      | Reached skill level 1 in Hexes
  3402 | D:4      | Found a glowing drain.
  3496 | Sewer    | Entered a sewer
  3504 | Sewer    | Reached skill level 1 in Translocations
  3896 | Sewer    | Found a white marble altar of Elyvilon.
  4103 | D:5      | Entered Level 5 of the Dungeon
  4126 | D:5      | Killed from afar by a white imp

Illustrated notes

Levels and vault maps discovered:
D:1:      lightli_arrival_statuegarden, layout_basic
D:2:      cheibrodos_fertilizer, layout_basic, dreamdust_princess_corridor
D:3:      layout_loops_ring, nrook_campfire, dreamdust_mushroom_princess,
          serial_park_tiny_2, uniq_crazy_yiuf_cottage
D:4:      layout_basic, cheibrodos_sewer_entry_bend, minmay_ogre_servants
D:5:      layout_basic, minmay_temple_entry_junction_2,
          gammafunk_ghost_nasty_kobolds, grunt_tough_drop, uniq_edmund

Skill      XL: |  1  2  3  4  5  6 |
---------------+-------------------+-----
Spellcasting   | 4 5 6 |  6.6
Conjurations   | 5 6 |  6.6
Hexes          | 2 |  2.0
Translocations | 1 |  1.5
Dodging        | |  2.4
Stealth        | |  2.4

Action                     |  1- 3 |  4- 6 || total
---------------------------+-------+-------++-------
   Cast: Magic Dart        |    66 |    85 ||   151
         Sandblast         |     1 |       ||     1
         Searing Ray       |     1 |    13 ||    14
         Fulminant Prism   |       |     1 ||     1
    Use: Scroll            |       |     2 ||     2
 Armour: Robe              |     1 |     4 ||     5
  Dodge: Dodged            |     4 |    12 ||    16
